 Dungeon Crawl Stone Soup version 0.26-a0-653-g6669bab64c (webtiles) character file.

Game seed: 1462943493479719836

99 flotson the Chiller (level 4, -8/34 HPs)
             Began as a Demigod Ice Elementalist on Oct 4, 2020.
             Mangled by Grinder (9 damage)
             ... on level 3 of the Dungeon.
             The game lasted 00:07:00 (3239 turns).

flotson the Chiller (Demigod Ice Elementalist)      Turns: 3239, Time: 00:07:01

Health: -8/34      AC:  6    Str: 13    XL:     4   Next: 22%
Magic:  10/10      EV: 11    Int: 19    God:
Gold:   123        SH:  0    Dex: 16    Spells: 3/7 levels left

rFire    . . .     SeeInvis .   a - +4 short sword (holy)
rCold    . . .     Faith    +   (no shield)
rNeg     . . .     Spirit   .   f - +0 ring mail
rPois    .         Reflect  .   e - +0 helmet
rElec    .         Harm     .   (no cloak)
rCorr    .         Rampage  .   (no gloves)
MR       .....                  (no boots)
Stlth    +.........             m - amulet of faith
HPRegen  0.11/turn              (no ring)
MPRegen  0.12/turn              (no ring)

@: no status effects
A: high mp 1
a: no special abilities


You were on level 3 of the Dungeon.
You visited 1 branch of the dungeon, and saw 3 of its levels.

You collected 123 gold pieces.

Inventory:

Hand Weapons
 a - a +4 short sword of holy wrath (weapon)
Missiles
 c - 3 silver javelins (quivered)
Armour
 e - a +0 helmet (worn)
 f - a +0 ring mail (worn)
Jewellery
 m - an amulet of faith (around neck)
Scrolls
 b - 2 scrolls of remove curse {unknown}
 d - 5 scrolls of identify {unknown}
 k - a scroll of immolation {unknown}
 p - a scroll of teleportation {unknown}
Potions
 g - 2 potions of brilliance {unknown}
 h - a potion of heal wounds {unknown}
 i - a potion of invisibility {unknown}
 j - a potion of degeneration {unknown}
 l - 4 potions of curing {unknown}
 o - a potion of lignification {unknown}


   Skills:
 + Level 0.6 Fighting
 + Level 1.2 Short Blades
 + Level 0.6 Throwing
 + Level 0.9 Armour
 + Level 2.0 Dodging
 + Level 1.9 Stealth
 + Level 0.6 Unarmed Combat
 + Level 2.2 Spellcasting
 + Level 4.1 Ice Magic


You had 3 spell levels left.
You knew the following spells:

 Your Spells              Type           Power        Failure   Level
a - Freeze                Ice            ###.         6%          1
b - Ozocubu's Armour      Ice            ###.....     19%         3

Your spell library contained the following spells:

 Spells                   Type           Power        Failure   Level
 Frozen Ramparts          Ice            ###...       19%         3
 Confusing Touch          Hex            #.......     71%         3
 Gell's Gravitas          Tloc           #.........   71%         3
 Hailstorm                Conj/Ice       ##......     83%         4
 Summon Ice Beast         Ice/Summ       ##......     83%         4
 Petrify                  Tmut/Erth      #.......     98%         4
 Metabolic Englaciation   Hex/Ice        ##........   99%         5
 Yara's Violent Unravell  Hex/Tmut       #.........   100%        5


Dungeon Overview and Level Annotations

Branches:
Dungeon (3/15)

Annotations:
D:3 Grinder


Innate Abilities, Weirdness & Mutations

You have an increased reservoir of magic. (+10% MP)


Message History

Pain shoots through your body!
You closely miss Grinder.
Grinder is severely wounded.
Grinder hits you.
You writhe in agony.
You hit Grinder but do no damage.
Grinder is severely wounded.
Grinder gestures at you.
You suddenly lose the ability to move!
Grinder hits you.
* * * LOW HITPOINT WARNING * * *
You writhe in agony.
* * * LOW HITPOINT WARNING * * *
Grinder hits you.
* * * LOW HITPOINT WARNING * * *
You can move again.
Unknown command.
You hit Grinder.
Grinder convulses.
Grinder is almost dead.
Grinder hits you!
You die...

..# #.#..)...# #..##...#
### #......#####..######
## ##.#....>.........#
.######.###...........##
.##.....# #.#.........##
.##.#####
#............... .##.#
##..........#### ..#.#
##........(# #...#
###.#@###### #####
#....$5....#
#............#
.......$........(
###.............(
###............
##...........
##....(..### #.......#


You could see Grinder.

Vanquished Creatures
  2 adders
  A howler monkey skeleton (D:2)
  4 worms
  A dart slug (D:1)
  A leopard gecko (D:2)
  A bat zombie (D:1)
  4 giant cockroaches
  5 goblins
  6 hobgoblins
  6 jackals
  5 bats
  6 frilled lizards
  10 kobolds
  A quokka zombie (D:1)
  4 rats
57 creatures vanquished.

Vanquished Creatures (others)
  4 plants (D:3)
4 creatures vanquished.

Grand Total: 61 creatures vanquished

Notes
Turn   | Place    | Note
-------+----------+-------------------------------------------
     0 | D:1      | flotson the Demigod Ice Elementalist began the quest for
                  | the Orb.
     0 | D:1      | Reached XP level 1. HP: 14/14 MP: 5/5
   690 | D:1      | Reached skill level 4 in Ice Magic
   690 | D:1      | Reached XP level 2. HP: 20/20 MP: 0/7
  1637 | D:2      | Found a radiant altar of Vehumet.
  1739 | D:2      | Found an ornate altar of the Wu Jian Council.
  1768 | D:2      | Reached XP level 3. HP: 26/26 MP: 8/8
  2012 | D:2      | Found a white marble altar of Elyvilon.
  2221 | D:2      | Reached skill level 1 in Short Blades
  2342 | D:2      | Learned a level 3 spell: Ozocubu's Armour
  2553 | D:3      | Reached XP level 4. HP: 34/34 MP: 10/10
  2846 | D:3      | Noticed Grinder
  2856 | D:3      | Found an ancient bone altar of Kikubaaqudgha.
  2856 | D:3      | Found a blossoming altar of Fedhas.
  2891 | D:3      | Found a sparkling altar of Nemelex Xobeh.
  2891 | D:3      | Found an iron altar of Okawaru.
  3125 | D:3      | Found a shimmering blue altar of Sif Muna.
  3236 | D:3      | Paralysed by Grinder for 3 turns
  3238 | D:3      | HP: 1/34 [Grinder (6)]
  3239 | D:3      | Mangled by Grinder

Illustrated notes

Levels and vault maps discovered:
D:1:      saegor_arrival_fortress, layout_basic
D:2:      layout_loops_corners, vehumet_crystals, lemuel_crystal_altar,
          old_standard_altar
D:3:      layout_rooms, grunt_temple_overflow_growth_and_decay,
          riverfiend_overflow_shadow_ancestor, tgw_sif,
          gammafunk_temple_overflow_elements, lemuel_coloured_pillars_altar,
          uniq_crazy_yiuf_cottage, uniq_grinder

Skill      XL: |  1  2  3  4 |
---------------+-------------+-----
Ice Magic      | 4 |  4.1
Spellcasting   | 2 |  2.2
Short Blades   | 1 |  1.2
Dodging        | 2 |  2.0
Fighting       | |  0.6
Throwing       | |  0.6
Armour         | |  0.9
Stealth        | |  1.9
Unarmed Combat | |  0.6

Action                   |  1- 3 |  4- 6 || total
-------------------------+-------+-------++-------
Melee: Unarmed           |    15 |       ||    15
       Short sword       |    85 |    46 ||   131
Throw: Javelin           |    17 |     7 ||    24
       Dart              |       |     7 ||     7
 Cast: Freeze            |    26 |       ||    26
 Stab: Sleeping          |     1 |       ||     1
Armor: Robe              |     5 |       ||     5
       Leather armour    |     2 |       ||     2
       Ring mail         |    30 |    33 ||    63
Dodge: Dodged            |    75 |    53 ||   128

Table legend: (Time is in decaauts)
 A = Elapsed time spent in this place.
 B = Non-inter-level travel time spent in this place.
 C = Inter-level travel time spent in this place.
 D = Time resting spent in this place.
 E = Time spent auto-exploring this place.
 F = Levels seen in this place.
 G = Mean time per level.
                   A        B        C        D        E       F      G
               +--------+--------+--------+--------+--------+-----+--------+
         Total |   3260 |   3215 |     45 |    350 |   2270 |   3 | 1086.7 |
       Dungeon |   3260 |   3215 |     45 |    350 |   2270 |   3 | 1086.7 |
               +--------+--------+--------+--------+--------+-----+--------+

Top non-repeatable levels by time:
     D:1: 1492 daAuts
     D:2: 1056 daAuts
     D:3: 712 daAuts
